 Dungeon Crawl Stone Soup version 0.21.1-1-g345015f (webtiles) character file.

140 shakethe the Chopper (level 5, -1/41 HPs)
             Began as a Formicid Warper on Feb 7, 2018.
             Slain by an iguana (12 damage)
             ... on level 4 of the Dungeon.
             The game lasted 00:07:11 (3735 turns).

shakethe the Chopper (Formicid Warper)              Turns: 3735, Time: 00:07:12

Health: -1/41      AC:  7    Str: 15    XL:     5   Next: 47%
Magic:  8/8        EV: 10    Int: 13    God:
Gold:   136        SH:  0    Dex: 11    Spells: 8/8 levels left

rFire    . . .     SeeInvis +   a - +0 hand axe
rCold    . . .     Gourm    .   (no shield)
rNeg     . . .     Faith    .   o - +0 scale mail
rPois    .         Spirit   .   (helmet unavailable)
rElec    .         Reflect  .   (no cloak)
rCorr    .         Harm     .   (no gloves)
MR       .....                  s - +0 pair of boots
Stlth    ..........             (no amulet)
HPRegen  0.13/turn              (no ring)
MPRegen  0.11/turn              (no ring)

@: no status effects
A: permanent stasis, dig shafts and tunnels, four strong arms, antennae 3
a: Dig, Shaft Self


You were on level 4 of the Dungeon.
You were not hungry.

You visited 1 branch of the dungeon, and saw 4 of its levels.

You collected 136 gold pieces.

Inventory:

Hand Weapons
 a - a +0 hand axe (weapon)
Armour
 b - a +0 leather armour
 l - a +0 ring mail
 o - a +0 scale mail (worn)
 s - a +0 pair of boots (worn)
Scrolls
 d - a scroll of blinking
 g - 6 scrolls of identify {unknown}
 k - a scroll of magic mapping {unknown}
 m - a scroll of amnesia {unknown}
 p - a scroll of enchant armour {unknown}
 t - 2 scrolls of remove curse {unknown}
 w - a scroll of teleportation {unknown}
 x - a scroll of enchant weapon {unknown}
Potions
 h - a potion of agility
 j - a potion of haste {unknown}
 n - a potion of heal wounds {unknown}
 q - a potion of resistance {unknown}
 r - a potion of invisibility {unknown}
 u - a potion of cancellation {unknown}
Books
 c - a book of Spatial Translocations

   Spells                             Type                      Level
   a - Blink                          Translocation                2
   b - Shroud of Golubria             Charms/Translocation         2
   c - Lesser Beckoning               Translocation                3
   d - Gell's Gravitas                Translocation                3
   e - Teleport Other                 Translocation                3
   f - Passage of Golubria            Translocation                4
Comestibles
 f - 2 rations
 v - 2 chunks of flesh


   Skills:
 + Level 3.2 Fighting
 * Level 3.6 Axes
 - Level 1.0 Throwing
 + Level 2.4 Armour
 + Level 2.6 Dodging
 - Level 2.1 Spellcasting
   Level 2.6 Translocations


You had 8 spell levels left.
You didn't know any spells.

Dungeon Overview and Level Annotations

Branches:
Dungeon (4/15)
 Temple: D:4-7

Altars:
Ashenzari
Elyvilon
Kikubaaqudgha
Ru
Sif Muna

Annotations:
D:3 shakethe's ghost, amateur FoWr


Innate Abilities, Weirdness & Mutations

You cannot be hasted, slowed, berserked, paralysed or teleported.
You can dig through walls and to a lower floor.
Your four strong arms can wield two-handed weapons with a shield.
You have a pair of large antennae on your head. (SInv)


Message History

The worker ant is heavily wounded.
You barely miss the iguana. The iguana bites you!
The worker ant bites you but does no damage.
You hit the worker ant.
The worker ant is almost dead.
You hit the iguana but do no damage. The worker ant bites you.
The iguana barely misses you. The worker ant bites you. The iguana misses you.
You barely miss the worker ant.
The worker ant is almost dead.
You hit the iguana but do no damage.
The worker ant bites you but does no damage.
The iguana closely misses you.
You hit the worker ant but do no damage.
The worker ant is almost dead.
You hit the iguana. The worker ant bites you. The iguana bites you!
* * * LOW HITPOINT WARNING * * *
You barely miss the worker ant.
The worker ant is almost dead.
You barely miss the iguana. The worker ant misses you. The iguana bites you!
You die...

##..# #..##
##.## #..#
#.## ###.#
#...#
..#.###.###
....?..a@##
##.####l..#
#....?......#
....###.#.####
## ..#.#
#.##.# .. ..
... ## ..%.


You could see an iguana and a worker ant.

Vanquished Creatures
  A worker ant (D:4)
  4 gnolls
  An adder (D:3)
  An ooze (D:3)
  2 worms (D:2)
  3 dart slugs
  2 leopard geckos (D:2)
  5 bats
  2 goblins
  8 hobgoblins
  9 jackals
  8 frilled lizards
  3 kobolds
  A leopard gecko zombie (D:2)
  4 rats
54 creatures vanquished.

Notes
Turn   | Place    | Note
-------+----------+-------------------------------------------
     0 | D:1      | shakethe the Formicid Warper began the quest for the Orb.
     0 | D:1      | Reached XP level 1. HP: 16/16 MP: 3/3
   114 | D:1      | Reached XP level 2. HP: 8/23 MP: 5/5
   800 | D:1      | Reached XP level 3. HP: 28/28 MP: 6/6
  1101 | D:2      | HP: 1/28 [worm (8)]
  1446 | D:2      | Found a shattered altar of Ashenzari.
  1520 | D:2      | Found a faded altar of an unknown god.
  1602 | D:2      | Found an ancient bone altar of Kikubaaqudgha.
  1738 | D:2      | Found a deep blue altar of Sif Muna.
  1808 | D:2      | Reached XP level 4. HP: 21/34 MP: 7/7
  2528 | D:3      | Found a white marble altar of Elyvilon.
  2578 | D:3      | Reached XP level 5. HP: 39/41 MP: 8/8
  2730 | D:3      | Found a sacrificial altar of Ru.
  3114 | D:3      | Noticed shakethe's ghost (amateur FoWr)
  3735 | D:4      | Slain by an iguana

Skill      XL: |  1  2  3  4 |
---------------+-------------+-----
Dodging        | 2 |  2.6
Axes           | 3 |  3.6
Armour         | 2 |  2.4
Fighting       | 3 |  3.2
Throwing       | |  1.0
Spellcasting   | |  2.1
Translocations | |  2.6

Action                   |  1- 3 |  4- 6 || total
-------------------------+-------+-------++-------
Melee: Hand axe          |   151 |   125 ||   276
Throw: Tomahawk          |     4 |     1 ||     5
  Use: Potion            |       |     2 ||     2
  Eat: Chunk             |     3 |     6 ||     9
Armor: Leather armour    |     9 |       ||     9
       Ring mail         |    19 |       ||    19
       Scale mail        |    15 |    57 ||    72
Dodge: Dodged            |    97 |    89 ||   186
